 Dungeon Crawl Stone Soup version bcrawl-1.37.1 (webtiles) character file.

Game seed: 11881318988240081357

593723 Morbidden the Severer (level 16, -1/138 HPs)
             Began as a Sand Dwarf Archaeologist on Oct 23, 2022.
             Was the Champion of Cheibriados.
             Slain by a spark wasp (5 damage)
             ... on level 2 of the Spider Nest.
             The game lasted 00:38:46 (21477 turns).

Morbidden the Severer (Sand Dwarf Archaeologist)   Turns: 21477, Time: 00:38:47

Health: -1/138     AC: 39    Str: 47    XL:     16   Next: 55%
Magic:  5/28       EV: 19    Int: 42    God:    Cheibriados [******]
Gold:   1321       SH:  0    Dex: 24    Spells: 23/32 levels left

rFire    + + +     GDR:     41% a - +10 war axe of Wisdom {chop, *Noise rF+ MR+ Str+8}
rCold    . . .     SeeInvis .   (shield restricted)
rNeg     + + .     Gourm    .   Y - +2 plate armour {rF+}
rPois    +         Faith    .   p - +2 helmet
rElec    +         Spirit   .   I - +2 cloak of Benevolence {rElec rC+ rN++}
rCorr    .         Reflect  .   R - +0 pair of gloves
MR       ++++.     Clarity  +   X - +2 pair of boots of Dirapo {rPois MR+ Regen+}
Stlth    ..........             K - amulet of magic regeneration
HPRegen  0.73/turn              j - ring of Fifoec {+Blink Str+7 Int+6}
MPRegen  0.55/turn              k - +4 ring of slaying

@: lethally poisoned (-1 -> -1), immune to steam clouds, about to teleport, very
slow
A: small, sense surroundings 1, shaggy fur 1, slowness 1, armour attunement
a: Bend Time, Defer, Temporal Distortion, Step From Time, Renounce Religion,
Evoke Blink


You were on level 2 of the Spider Nest.
You worshipped Cheibriados.
Cheibriados was exalted by your worship.
You were hungry.

You visited 5 branches of the dungeon, and saw 22 of its levels.
You also visited: Sewer.

You collected 1892 gold pieces.
You spent 571 gold pieces at shops.

Inventory:

Hand Weapons
 a - the +10 war axe of Wisdom (weapon) {chop, *Noise rF+ MR+ Str+8}
   (You acquired it on level 2 of the Dungeon)

   It will always inflict at least some extra damage.
   This minimum extra damage increases with your current reserve of magical
   power.
   It affects your strength (+8).
   It protects you from fire.
   It affects your resistance to hostile enchantments.
   It may make noises in combat.
 b - a +3 blowgun
 x - the +9 flail of Checks and Balances {crush, rC++}
   (You bought it in a shop in the Orcish Mines)

   It will always inflict at least some extra damage.
   This minimum extra damage increases with your current reserve of magical
   power.
   It greatly protects you from cold.
Missiles
 c - 477 poisoned tomahawks (quivered)
 f - 96 curare-tipped needles
 h - 3 throwing nets {=f}
 v - 433 poisoned needles
 w - 1607 bolts
Armour
 p - a +2 helmet (worn)
 E - a +0 medium shield
 I - the +2 cloak of Benevolence (worn) {rElec rC+ rN++}
   (You found it on level 6 of the Dungeon)

   It protects you from cold.
   It insulates you from electricity.
   It greatly protects you from negative energy.
 R - a +0 pair of gloves (worn)
 X - the +2 pair of boots of Dirapo (worn) {rPois MR+ Regen+}
   (You acquired it on level 5 of the Lair of Beasts)

   It protects you from poison.
   It affects your resistance to hostile enchantments.
   It increases your rate of regeneration.
 Y - a +2 plate armour of fire resistance (worn)
Jewellery
 j - the ring of Fifoec (left hand) {+Blink Str+7 Int+6}
   (You took it off an orc knight on level 12 of the Dungeon)

   [ring of intelligence]

   It affects your strength (+7).
   It affects your intelligence (+6).
   It lets you blink.
 k - a +4 ring of slaying (right hand)
 s - an uncursed ring of wizardry
 F - an uncursed ring of poison resistance
 K - an amulet of magic regeneration (around neck)
 T - an uncursed ring of protection from magic
 U - the ring "Wekyjawimp" {rElec rPois rN+ MR- Int+5}
   (You found it on level 3 of the Lair of Beasts)

   [ring of poison resistance]

   It affects your intelligence (+5).
   It insulates you from electricity.
   It protects you from poison.
   It protects you from negative energy.
   It affects your resistance to hostile enchantments.
Wands
 G - a wand of charming (22)
 H - a wand of digging (11)
 J - a wand of paralysis (14)
 L - a wand of iceblast (5)
 M - a wand of random effects (16)
 S - a wand of disintegration (23)
 V - a wand of acid (9)
 W - a wand of polymorph (8)
Scrolls
 d - 7 scrolls of immolation
 g - 9 scrolls of magic mapping
 i - 7 scrolls of identify
 l - a scroll of enchant weapon
 q - 2 scrolls of amnesia
 u - 3 scrolls of noise
 y - 3 scrolls of enchant armour
 N - 6 scrolls of remove curse
 Q - 6 scrolls of teleportation
Potions
 m - a potion of ambrosia {unknown}
 n - 2 potions of cancellation {unknown}
 o - 2 potions of mutation
 r - 4 potions of lignification
 t - 6 potions of might
 z - 2 potions of flight {unknown}
 A - a potion of berserk rage {unknown}
 B - 3 potions of brilliance
 C - 3 potions of agility {unknown}
 D - 5 potions of haste {unknown}
 P - 2 potions of curing
 Z - a potion of resistance {unknown}
Comestibles
 e - 33 rations {!d}


   Skills:
 * Level 11.5 Fighting
 * Level 15.2(16.3) Axes
 * Level 12.7(16.6) Maces & Flails
 + Level 1.3 Throwing
 * Level 11.4 Armour
 * Level 7.6 Dodging
 + Level 2.9 Stealth
 * Level 6.4 Shields
 * Level 8.5 Spellcasting
 * Level 2.5 Conjurations
 * Level 7.1 Charms
 * Level 9.1 Fire Magic
 * Level 3.4 Air Magic
 * Level 6.0 Invocations
 * Level 9.0 Evocations


You had 23 spell levels left.
You knew the following spells:

 Your Spells              Type           Power        Failure   Level  Hunger
a - Steam Barrier         Chrm/Fire      #####.....   1%          5    ####...
b - Lightning Bolt        Conj/Air       ###.....     5%          4    ###....

Your spell library contained the following spells:

 Spells                   Type           Power        Failure   Level  Hunger
 Beastly Appendage        Tmut           #.....       1%          1    None
 Slow                     Hex            #.......     1%          1    None
 Static Discharge         Air            ###...       1%          1    None
 Poisonous Vapours        Pois/Air       ###...       1%          2    None
 Conjure Flame            Conj/Fire      ####....     1%          3    None
 Ensorcelled Hibernation  Hex/Ice        #.....       2%          2    None
 Passwall                 Tmut/Erth      #.......     2%          2    None
 Sticks to Snakes         Tmut           #.......     2%          2    None
 Mephitic Cloud           Conj/Pois/Air  ###.....     2%          3    None
 Dazzling Orbs            Conj/Hex       ##.....      3%          3    None
 Confuse                  Hex            #.......     5%          3    None
 Spider Form              Tmut/Pois      #..          5%          3    None
 Tukima's Dance           Hex            #.......     5%          3    None
 Cause Fear               Hex            #.........   19%         4    ###....
 Ice Form                 Ice/Tmut       #.......     19%         4    ###....
 Freezing Cloud           Ice/Air        ###.....     24%         5    ####...
 Silence                  Hex/Air        ###.......   24%         5    ####...
 Summon Lightning Spire   Summ/Air       ###.....     24%         5    ####...
 Blade Hands              Tmut           #.........   45%         5    ####...
 Summon Mana Viper        Hex/Summ       #.......     45%         5    ####...
 Conjure Ball Lightning   Conj/Air       ###.......   63%         6    ######.
 Chain Lightning          Conj/Air       ###.......   100%        8    #######


Dungeon Overview and Level Annotations

Branches:
Dungeon (12/12)            Temple (1/1) D:6            Lair (6/6) D:8
  Snake (0/3) Lair:3       Spider (2/3) Lair:3          Orc (1/1) D:8
    Elf (0/3) Orc          Vaults (0/3) D:12         Depths (0/5) D:12
  Slime: Lair:5-6

Altars:
Ashenzari
Cheibriados
Dithmenos
Elyvilon
Fedhas
Nemelex Xobeh
Okawaru
Qazlal
Sif Muna
Trog
Xom
Yredelemnul
Zin

Shops:
D:7 }   Orc (=(}

Annotations:
Lair:4 1 runed translucent door, HunfridMar's ghost, journeyman VSCj
Lair:6 exclusion: 2 oklob plants


Innate Abilities, Weirdness & Mutations

You are small and have problems with some larger weapons.
You cover ground slowly.
Armour does not affect your spellcasting.
You passively map a small area around you.
You are covered in fur. (AC +1)


Message History

The orb spider blinks!
The hornet blinks!
The wolf spider blinks!
The spark wasp blinks!
The demonic crawler blinks!
The orb spider blinks!
No path to travel!
No path to travel!
No path to travel!
No path to travel!
As you read the scroll of teleportation, it crumbles to dust.
You feel strangely unstable.
You feel sick.
You hear a hideous shriek!
No path to travel!
No path to travel!
Okay, then.
No path to travel!
Casting: Steam Barrier (safe; 1% risk of failure)
Confirm with . or Enter, or press ? or * to list all spells.
You feel a numb sensation.
You begin emitting steam!
You feel sick. The spark wasp stings you!
* * * LOW HITPOINT WARNING * * *
The spark wasp shocks you. You resist.
You die...

, #^....<..##≈≈#≈≈≈
≈≈ ,
##.....#.^.≈≈≈≈≈≈≈ ,
, ##...^#.....≈≈≈≈ *
, ##...........≈.. ,
..#.....s....§.... ,
,........§...^......
..^..^...%..§......
..^......†§y§......
###.....^.§@§y.....
, ......#.†#§§......
, ,
...#.#..........## ,
..##..#ss....s...# ,
.. #s..#.........# ,
.............###
.....^...##..# , ,
.......## #.# ,, , ,


You could see a spark wasp, a demonic crawler, a wolf spider, 2 orb spiders and
a hornet.

Vanquished Creatures
  Frances (D:10)
  A fire giant (D:11)
  A ghost moth (Spider:1)
  An orc warlord (D:12)
  An emperor scorpion (Spider:2)
  The ghost of Maksi666 the Bludgeoner, a journeyman EnBe of Trog (D:12)
  Snorg (Lair:5)
  Josephine (Lair:4)
  A yaktaur captain (D:11)
  The ghost of XxPooperXx the Cleaver, a journeyman MiBe of Trog (Lair:3)
  A rakshasa (D:12)
  2 vault guards (D:12)
  Erolcha (D:11)
  Harold (D:11)
  10 hydras
  Erica (Orc)
  2 death knights
  A catoblepas (Lair:2)
  9 orc high priests (Orc)
  4 two-headed ogres
  Nergalle (Orc)
  A deep troll (Orc)
  A centaur warrior (D:12)
  A skeletal warrior (D:12)
  A flayed ghost (D:12)
  A cyclops (D:11)
  A wolf spider zombie (D:9)
  8 orc knights
  A shadow dragon zombie (D:12)
  9 wolf spiders (Spider:1)
  A necromancer (D:12)
  Pikel (D:7)
  4 oklob plants (Lair:5)
  A deep elf mage (D:12)
  An orb spider (Spider:2)
  2 manticores
  6 ugly things
  9 elephants (Lair:6)
  3 black mambas
  A stone giant skeleton (D:12)
  A torpor snail (Spider:2)
  Joseph (Lair:1)
  A gargoyle (D:12)
  A kobold demonologist (D:12)
  21 cane toads
  3 rime drakes (Lair:3)
  7 komodo dragons
  A yaktaur (D:12)
  11 jumping spiders
  A freezing wraith (D:10)
  4 demonic crawlers (Spider:1)
  A guardian mummy (D:12)
  An eye of draining (D:12)
  3 efreet
  A wolf spider simulacrum (Lair:3)
  A harpy zombie (D:12)
  2 trolls
  A hornet (D:12)
  A polar bear (Lair:4)
  4 tyrant leeches (Lair:6)
  6 slime creatures (D:12)
  29 blink frogs
  13 dream sheep
  A meliai zombie (D:11)
  A fire dragon zombie (D:12)
  9 hippogriffs
  2 shadows
  35 yaks
  An ice dragon skeleton (D:12)
  6 tarantellas
  Sigmund (D:2)
  10 humans (D:12)
  2 spriggans (Lair:4)
  7 wraiths
  3 basilisks
  2 hungry ghosts
  7 vampire mosquitoes
  A death yak simulacrum (Lair:3)
  A steam dragon (D:7)
  Menkaure (D:4)
  11 redbacks
  8 wargs (Orc)
  2 acid dragons (D:12)
  4 nagas (Lair:3)
  Duvessa (D:6)
  15 crocodiles
  16 porcupines
  6 water moccasins
  7 black bears
  12 orc warriors
  A phantom (D:10)
  2 ice beasts
  A hornet zombie (D:12)
  A necrophage (D:9)
  11 wolves
  8 ogres
  26 bullfrogs
  6 kobold brigands
  A gnoll sergeant (D:8)
  2 cane toad simulacra (Lair:3)
  A wyvern zombie (D:4)
  Dowan (D:6)
  7 centaurs
  4 scorpions
  A hornet simulacrum (D:11)
  An elephant simulacrum (Lair:3)
  10 wights
  3 electric eels (Lair:6)
  36 orc priests
  2 howler monkeys
  5 crimson imps
  A hippogriff simulacrum (Lair:3)
  A quasit (D:11)
  2 bullfrog zombies
  8 hounds
  A water moccasin simulacrum (Lair:3)
  A bullfrog skeleton (D:6)
  4 jellies
  15 orc wizards
  A gnoll shaman (D:7)
  An iguana (D:3)
  7 worker ants
  A hound zombie (D:7)
  Robin (D:2)
  9 gnolls
  A crocodile simulacrum (Lair:3)
  14 adders
  7 river rats
  3 shadow imps
  2 oozes (D:3)
  An adder zombie (D:8)
  4 adder skeletons
  11 worms
  A dart slug (D:1)
  67 orcs
  10 ball pythons
  3 bats
  2 giant cockroaches (D:2)
  12 goblins
  10 hobgoblins
  6 jackals (D:6)
  4 quokkas
  8 frilled lizards
  29 kobolds
  A quokka skeleton (D:6)
  26 rats
  10 fungi
  9 plants
  2 withered plants (D:12)
809 creatures vanquished.

Vanquished Creatures (others)
  A hound skeleton (D:7)
  An adder (D:7)
  A bush (Lair:6)
  12 fungi
  59 plants
  2 withered plants (D:12)
76 creatures vanquished.

Grand Total: 885 creatures vanquished

Notes
Turn   | Place    | Note
-------+----------+-------------------------------------------
     0 | D:1      | Morbidden the Sand Dwarf Archaeologist began the quest for
                  | the Orb.
     0 | D:1      | Reached XP level 1. HP: 16/16 MP: 1/1
   143 | D:1      | Reached XP level 2. HP: 8/23 MP: 2/2
   652 | D:1      | Reached XP level 3. HP: 28/28 MP: 3/3
  1193 | D:2      | Reached skill level 1 in Armour
  1583 | D:2      | Found a blossoming altar of Fedhas.
  1589 | D:2      | Noticed Sigmund
  1601 | D:2      | Killed Sigmund
  1602 | D:2      | Reached skill level 1 in Spellcasting
  1602 | D:2      | Reached XP level 4. HP: 17/37 MP: 3/5
  1602 | D:2      | Reached XP level 5. HP: 20/42 MP: 3/6
  1602 | D:2      | Identified a scroll of acquirement
  1605 | D:2      | Identified the +10 war axe of Wisdom {chop, *Noise rF+ MR+
                  | Str+8} (You acquired it on level 2 of the Dungeon)
  1605 | D:2      | Identified the +2 hat of Jayru {Int+2 Dex+3} (You acquired
                  | it on level 2 of the Dungeon)
  1605 | D:2      | Identified the ring "Itar" {rElec rC+ rN+} (You acquired it
                  | on level 2 of the Dungeon)
  1853 | D:2      | Noticed Robin
  1858 | D:2      | Killed Robin
  2275 | D:3      | Reached skill level 1 in Axes
  2284 | D:3      | Reached XP level 6. HP: 49/50 MP: 7/7
  2334 | D:3      | Found a glowing drain.
  2341 | Sewer    | Entered a sewer
  2391 | Sewer    | Reached skill level 2 in Axes
  2391 | Sewer    | Reached skill level 5 in Maces & Flails
  2563 | Sewer    | Reached skill level 3 in Axes
  2630 | Sewer    | Reached XP level 7. HP: 54/57 MP: 9/9
  2633 | Sewer    | Reached skill level 4 in Axes
  3169 | D:3      | Found a blossoming altar of Fedhas.
  3609 | D:3      | Reached skill level 5 in Axes
  3631 | D:3      | Reached XP level 8. HP: 60/66 MP: 11/11
  3992 | D:4      | Noticed Menkaure
  3995 | D:4      | Killed Menkaure
  4078 | D:4      | Reached skill level 6 in Axes
  4778 | D:5      | Entered Level 5 of the Dungeon
  4795 | D:5      | Reached skill level 7 in Axes
  5119 | D:5      | Reached XP level 9. HP: 73/73 MP: 13/13
  5188 | D:5      | Found a sparkling altar of Nemelex Xobeh.
  5410 | D:6      | Reached skill level 5 in Fighting
  5410 | D:6      | Reached skill level 8 in Axes
  5412 | D:6      | Got an encrusted cloak
  5418 | D:6      | Identified the +2 cloak of Benevolence {rElec rC+ rN++}
                  | (You found it on level 6 of the Dungeon)
  5443 | D:6      | Noticed Duvessa
  5444 | D:6      | Noticed Dowan
  5447 | D:6      | Killed Duvessa
  5454 | D:6      | Killed Dowan
  5614 | D:6      | Found a shimmering altar of Xom.
  5628 | D:6      | Learned a level 5 spell: Steam Barrier
  5732 | D:6      | Found a staircase to the Ecumenical Temple.
  5742 | Temple   | Entered the Ecumenical Temple
  5819 | Temple   | Became a worshipper of Cheibriados the Contemplative
  6301 | D:7      | Reached * piety under Cheibriados
  6318 | D:7      | Reached skill level 9 in Axes
  6421 | D:7      | Found Xosim's Gadget Shoppe.
  6421 | D:7      | Noticed Pikel
  6427 | D:7      | Killed Pikel
  6428 | D:7      | Reached skill level 5 in Armour
  6428 | D:7      | Reached skill level 1 in Evocations
  6459 | D:7      | Reached skill level 1 in Fire Magic
  6493 | D:7      | Reached XP level 10. HP: 47/83 MP: 15/15
  6496 | D:7      | Reached skill level 1 in Invocations
  6501 | D:7      | Reached ** piety under Cheibriados
  6502 | D:7      | Reached skill level 1 in Charms
  6508 | D:7      | Reached skill level 10 in Axes
  7222 | D:8      | Noticed an orc knight
  7222 | D:8      | Noticed an orc knight
  7223 | D:8      | Noticed an orc knight
  7223 | D:8      | Noticed an orc knight
  7238 | D:8      | Killed an orc knight
  7475 | D:8      | Reached *** piety under Cheibriados
  7500 | D:8      | Killed an orc knight
  7756 | D:8      | Found a staircase to the Lair.
  7781 | D:8      | Found a staircase to the Orcish Mines.
  8066 | D:8      | Gained mutation: You are covered in fur. (AC +1) [potion of
                  | mutation]
  8066 | D:8      | Gained mutation: You passively map a small area around you.
                  | [potion of mutation]
  8088 | D:8      | Killed an orc knight
  8089 | D:8      | Reached skill level 11 in Axes
  8089 | D:8      | Reached XP level 11. HP: 72/92 MP: 17/17
  8396 | D:8      | Killed an orc knight
  8445 | D:8      | Reached skill level 5 in Dodging
  8579 | D:9      | Got an ichor-stained robe
  8621 | D:9      | Noticed a white ugly thing
  8626 | D:9      | Killed a white ugly thing
  8627 | D:9      | Reached skill level 1 in Shields
  8869 | D:9      | Noticed a two-headed ogre
  8877 | D:9      | Killed a two-headed ogre
  8878 | D:9      | Reached skill level 5 in Spellcasting
  8981 | D:9      | Reached **** piety under Cheibriados
  8990 | D:9      | Noticed a green ugly thing
  8995 | D:9      | Killed a green ugly thing
  9026 | D:9      | Noticed a two-headed ogre
  9033 | D:9      | Killed a two-headed ogre
  9527 | D:10     | Entered Level 10 of the Dungeon
  9528 | D:10     | Noticed Frances
  9554 | D:10     | Noticed a two-headed ogre
  9561 | D:10     | Killed a two-headed ogre
  9562 | D:10     | Reached skill level 12 in Axes
  9565 | D:10     | Reached XP level 12. HP: 83/101 MP: 14/20
 10228 | D:10     | Noticed a death knight
 10242 | D:10     | Killed a death knight
 10242 | D:10     | Reached ***** piety under Cheibriados
 10530 | Lair:1   | Entered Level 1 of the Lair of Beasts
 10542 | Lair:1   | Reached skill level 10 in Maces & Flails
 10577 | Lair:1   | Reached skill level 5 in Evocations
 10653 | Lair:1   | Reached skill level 1 in Throwing
 10667 | Lair:1   | Reached skill level 5 in Fire Magic
 11018 | Lair:1   | Noticed Joseph
 11031 | Lair:1   | Killed Joseph
 11317 | Lair:2   | Noticed a catoblepas
 11324 | Lair:2   | Killed a catoblepas
 11437 | Lair:2   | Reached XP level 13. HP: 100/111 MP: 15/22
 11994 | Lair:2   | Identified the +0 robe "Umo Ymae" {+Inv rF- Slay+3
                  | Archmagi} (You found it on level 9 of the Dungeon)
 12355 | Lair:3   | Reached skill level 13 in Axes
 12391 | Lair:3   | Found a runed translucent gate.
 12393 | Lair:3   | Found a runed translucent gate.
 12394 | Lair:3   | Found a runed translucent gate.
 12419 | Lair:3   | Reached ****** piety under Cheibriados
 12826 | Lair:3   | Found a hole to the Spider Nest.
 12922 | Lair:3   | Found a staircase to the Snake Pit.
 13158 | Lair:3   | Noticed XxPooperXx's ghost (journeyman MiBe)
 13402 | Lair:3   | Killed XxPooperXx's ghost
 13433 | Lair:3   | Got the ring of Xom's Pride {Fire}
 13436 | Lair:3   | Got a warped granite ring
 13440 | Lair:3   | Identified the ring of Xom's Pride {Fire MR+ Str+2 Dex-3}
                  | (You found it on level 3 of the Lair of Beasts)
 13441 | Lair:3   | Identified the ring "Wekyjawimp" {rElec rPois rN+ MR-
                  | Int+5} (You found it on level 3 of the Lair of Beasts)
 13860 | Lair:4   | Noticed Josephine
 13868 | Lair:4   | Killed Josephine
 13985 | Lair:4   | Found a runed translucent door.
 13990 | Lair:4   | Identified the +2 trident of Joink {drain, rC+ Int+3}
 13990 | Lair:4   | Noticed HunfridMar's ghost (journeyman VSCj)
 14614 | Lair:5   | Reached skill level 5 in Charms
 14768 | Lair:5   | Reached XP level 14. HP: 103/119 MP: 24/24
 15139 | Lair:5   | Identified the +2 pair of boots of Dirapo {rPois MR+
                  | Regen+} (You acquired it on level 5 of the Lair of Beasts)
 15139 | Lair:5   | Identified the ring "Qarosesu" {rF+ Dex+6 Stlth+} (You
                  | acquired it on level 5 of the Lair of Beasts)
 15174 | Lair:5   | Noticed Snorg
 15184 | Lair:5   | Killed Snorg
 15620 | Lair:6   | Entered Level 6 of the Lair of Beasts
 15628 | Lair:6   | Reached skill level 10 in Fighting
 15663 | Lair:6   | Learned a level 4 spell: Lightning Bolt
 15741 | Lair:6   | Reached skill level 10 in Armour
 15790 | Lair:6   | Reached skill level 5 in Shields
 15930 | Lair:6   | Reached skill level 14 in Axes
 16079 | Lair:6   | Reached skill level 1 in Air Magic
 16079 | Lair:6   | Reached skill level 5 in Invocations
 16106 | Lair:6   | Reached skill level 1 in Conjurations
 16333 | Lair:6   | Identified the Disquisition on Enchanting Ice
 16369 | Lair:6   | Reached XP level 15. HP: 117/128 MP: 26/26
 17243 | D:10     | Killed Frances
 17658 | D:11     | Noticed a fire giant
 17661 | D:11     | Noticed Harold
 17667 | D:11     | Killed a fire giant
 17672 | D:11     | Killed Harold
 17769 | D:11     | Noticed Erolcha
 17777 | D:11     | Killed Erolcha
 18116 | D:12     | Entered Level 12 of the Dungeon
 18197 | D:12     | Found a staircase to the Depths.
 18376 | D:12     | Found a gate to the Vaults.
 18925 | D:12     | Found a runed translucent gate.
 18925 | D:12     | Noticed Maksi666's ghost (journeyman EnBe)
 18926 | D:12     | Found a runed translucent gate.
 18927 | D:12     | Found a runed translucent gate.
 18927 | D:12     | Found a roughly hewn altar of Beogh.
 18927 | D:12     | Identified the cursed +0 great sword "Cail" {antimagic,
                  | Fragile +Rage Str+3}
 18927 | D:12     | Noticed an orc warlord
 18927 | D:12     | Identified the ring of Fifoec {+Blink Str+7 Int+6}
 18942 | D:12     | Killed an orc warlord
 18963 | D:12     | Killed Maksi666's ghost
 19145 | D:12     | Found a white marble altar of Elyvilon.
 19475 | Orc      | Entered the Orcish Mines
 19517 | Orc      | Found a staircase to the Elven Halls.
 19610 | Orc      | Reached XP level 16. HP: 60/137 MP: 19/28
 19728 | Orc      | Found a roughly hewn altar of Beogh.
 19758 | Orc      | Noticed Nergalle
 19765 | Orc      | Killed Nergalle
 19827 | Orc      | Reached skill level 15 in Axes
 19998 | Orc      | Noticed Erica
 20007 | Orc      | Killed Erica
 20270 | Orc      | Found Meose's Weapon Emporium.
 20270 | Orc      | Found Neback's Jewellery Shop.
 20326 | Orc      | Found Ymici's Antique Weapon Emporium.
 20326 | Orc      | Found Feexy's Gadget Shop.
 20350 | Orc      | Bought a transparent flail for 221 gold pieces
 20350 | Orc      | Identified the +9 flail of Checks and Balances {crush,
                  | rC++} (You bought it in a shop in the Orcish Mines)
 20484 | Orc      | Bought an uncursed amulet of magic regeneration for 350
                  | gold pieces
 20634 | Spider:1 | Entered Level 1 of the Spider Nest
 21477 | Spider:2 | HP: 4/138 [spark wasp (17)]
 21477 | Spider:2 | Slain by a spark wasp

Skill      XL: |  1  2  3  4  5  6  7  8  9 10 11 12 13 14 15 16 |
---------------+-------------------------------------------------+-----
Maces & Flails | 2 4 5 6 7 9 10 11 12 | 12.7
Armour         | 2 3 4 5 6 7 8 9 10 11 | 11.4
Fighting       | 2 3 4 5 7 8 9 10 11 | 11.5
Dodging        | 3 4 5 6 7 |  7.6
Spellcasting   | 1 2 3 4 5 6 7 8 |  8.5
Axes           | 1 3 5 7 9 11 12 13 14 15 | 15.2
Evocations     | 1 2 4 5 6 7 8 9 |  9.0
Fire Magic     | 1 3 4 5 6 7 8 9 |  9.1
Invocations    | 1 2 3 4 5 6 |  6.0
Charms         | 2 3 4 5 6 7 |  7.1
Shields        | 2 3 4 5 6 |  6.4
Throwing       | 1 |  1.3
Air Magic      | 1 2 3 |  3.4
Conjurations   | 1 2 |  2.5
Stealth        | |  2.9

Action                   |  1- 3 |  4- 6 |  7- 9 | 10-12 | 13-15 | 16-18 || total
-------------------------+-------+-------+-------+-------+-------+-------++-------
Melee: Whip              |   165 |     1 |       |       |       |       ||   166
       War axe           |       |    96 |   182 |   297 |   498 |   170 ||  1243
       Flail             |       |       |       |       |    68 |       ||    68
 Fire: Blowgun           |     1 |       |       |    52 |    45 |       ||    98
Throw: Tomahawk          |       |       |       |    14 |    20 |       ||    34
 Cast: Steam Barrier     |       |       |       |    26 |   117 |    33 ||   176
       Lightning Bolt    |       |       |       |       |    11 |     5 ||    16
Invok: Defer             |       |       |       |       |     1 |     1 ||     2
       Temporal Distorti |       |       |       |       |       |     1 ||     1
Evoke: Wand              |       |       |       |       |     4 |       ||     4
       Box of beasts     |       |       |       |       |     1 |       ||     1
  Use: Scroll            |       |     1 |     6 |    11 |    10 |     3 ||    31
       Potion            |       |       |       |     9 |     1 |     2 ||    12
 Stab: Sleeping          |     1 |       |       |       |       |       ||     1
  Eat: Chunk             |     5 |     6 |    19 |    25 |    57 |     8 ||   120
       Ration            |       |     1 |       |     2 |     4 |     2 ||     9
Armor: Robe              |    10 |       |       |       |       |       ||    10
       Ring mail         |    34 |    41 |    11 |       |       |       ||    86
       Chain mail        |       |       |    53 |       |       |       ||    53
       Plate armour      |       |       |    22 |   225 |   426 |   171 ||   844
Dodge: Dodged            |   112 |    96 |    96 |   211 |   722 |   284 ||  1521
Block: Medium shield     |       |       |       |    21 |       |       ||    21
